 Dungeon Crawl Stone Soup version 0.24.0-13-gcf9b319 (webtiles) character file.

Game seed: 3638715515544320129, levelgen mode: deterministic

6419 2bobheroes the Fighter (level 10, -2/91 HPs)
             Began as a Minotaur Assassin on Feb 17, 2020.
             Was a Priest of Trog.
             Slain by a brown ugly thing (5 damage)
             ... on level 9 of the Dungeon.
             The game lasted 00:35:38 (12630 turns).

2bobheroes the Fighter (Minotaur Assassin)         Turns: 12630, Time: 00:35:39

Health: -2/91      AC:  6    Str: 17    XL:     10   Next: 66%
Magic:  9/9        EV: 14    Int:  8    God:    Trog [***...]
Gold:   599        SH: 10    Dex: 14    Spells: 9/9 levels left

rFire    . . .     SeeInvis .   a - +1 falchion (vamp)
rCold    . . .     Gourm    .   i - +0 shield
rNeg     . . .     Faith    .   K - +0 leather armour
rPois    .         Spirit   .   (helmet restricted)
rElec    .         Reflect  .   c - +1 cloak
rCorr    .         Harm     .   (no gloves)
MR       .....                  M - +0 pair of boots
Stlth    +++.......             (no amulet)
HPRegen  0.25/turn              (no ring)
MPRegen  0.11/turn              (no ring)

@: no status effects
A: retaliatory headbutt, horns 2
a: Berserk, Trog's Hand, Renounce Religion


You were on level 9 of the Dungeon.
You worshipped Trog.
Trog was most pleased with you.
You were hungry.

You visited 1 branch of the dungeon, and saw 10 of its levels.

You collected 599 gold pieces.

Inventory:

Hand Weapons
 a - a +1 vampiric falchion (weapon)
 o - a +2 dagger of freezing
 v - a cursed +0 flail
 B - a +1 short sword of draining
 J - a +0 falchion
Missiles
 d - 19 poisoned darts (quivered)
 e - 3 curare-tipped darts
 g - 43 bolts
 n - 340 stones
 w - 76 sling bullets
 y - 5 javelins
 O - 6 boomerangs
 S - 2 throwing nets
 V - 2 silver javelins
Armour
 b - a +0 scale mail
 c - a +1 cloak (worn)
 i - a +0 shield (worn)
 p - a +0 ring mail
 C - a cursed +0 plate armour
 K - a +0 leather armour (worn)
 M - a +0 pair of boots (worn)
Jewellery
 N - a +6 ring of intelligence
Wands
 z - a wand of paralysis (13)
 A - a wand of random effects (12)
 R - a wand of acid (9)
 U - a wand of disintegration (11)
Scrolls
 h - a scroll of enchant armour
 l - a scroll of random uselessness {unknown}
 q - 2 scrolls of magic mapping
 s - 2 scrolls of amnesia {unknown}
 x - 10 scrolls of remove curse
 E - 2 scrolls of fear {unknown}
 F - 6 scrolls of teleportation {unknown}
 I - 3 scrolls of immolation {unknown}
Potions
 j - a potion of berserk rage
 k - 3 potions of brilliance
 m - 2 potions of flight
 r - 2 potions of curing
 t - a potion of magic
 u - 3 potions of haste
 D - a potion of resistance
 G - 2 potions of agility
 H - 2 potions of heal wounds {unknown}
 L - 4 potions of might {unknown}
 P - a potion of mutation {unknown}
 Q - 2 potions of lignification {unknown}
Comestibles
 f - 19 rations


   Skills:
 + Level 9.3 Fighting
 - Level 2.1(4.6) Short Blades
 + Level 7.1(7.3) Long Blades
 + Level 7.0 Throwing
 + Level 7.5 Dodging
 + Level 7.1 Stealth
 + Level 7.0 Shields


You had 9 spell levels left.
You didn't know any spells.
Your spell library contained the following spells:

 Spells                   Type           Power        Failure   Level  Hunger
 Freeze                   Ice            #...         83%         1    ##.....
 Throw Frost              Conj/Ice       #.....       92%         2    ###....
 Ozocubu's Armour         Chrm/Ice       #.......     99%         3    ####...
 Summon Ice Beast         Ice/Summ       #.......     100%        4    #####..
 Throw Icicle             Conj/Ice       #.......     100%        4    #####..


Dungeon Overview and Level Annotations

Branches:
Dungeon (10/15)            Temple (0/1) D:5            Lair (0/6) D:8
    Orc: D:9-12

Altars:
Ashenzari
Qazlal
Ru
Trog
Uskayaw
Xom
Yredelemnul

Shops:
D:9 :


Innate Abilities, Weirdness & Mutations

You reflexively headbutt those who attack you in melee.
You have a pair of horns on your head.


Message History

The bolt of acid hits the yak!
The yak is splashed with acid.
The acid corrodes the yak!
The yak is heavily wounded.
The brown ugly thing gores you!
* * * LOW HITPOINT WARNING * * *
You are splashed with acid!
* * * LOW HITPOINT WARNING * * *
Unknown command.
As you read the scroll labeled ORIUQUGREIC, it crumbles to dust.
You feel momentarily disoriented.
It was a scroll of magic mapping.
The yak barely misses you. You furiously retaliate!
You headbutt the yak!
The brown ugly thing completely misses you.
You furiously retaliate!
You headbutt the brown ugly thing, but do no damage.
As you read the scroll labeled VEB ETANTIGACK, it crumbles to dust.
It is a scroll of enchant armour.
Your +0 cloak glows green for a moment.
The yak gores you!
* * * LOW HITPOINT WARNING * * *
The brown ugly thing gores you.
You die...

.........#.#.....÷.....#####.####
......>..#...#.####.#..# #.....
.........#.#...##...#.## #.###.
..................##..## #.# ##
.........#.............# #.# #
.......................# #.# #
..............#........#####.####
...............Y.................
.....<...♣.≈≈≈≈u@......#####.###.
.......[.≈.≈.≈.≈.......# #.##..
.......♣.≈≈≈.≈......[..#####.#..#
.........≈.≈≈≈≈..[.............##
.........♣.≈..≈≈........#####.##
.>......♣≈≈≈..♣..##.....# #.#
#......#.≈≈≈≈≈...##..#.^#####.##
....####.≈≈.≈....##............#
....###..#≈≈.≈≈≈.##..........#.#


You could see a brown ugly thing and a yak.

Vanquished Creatures
  A two-headed ogre (D:7)
  Pikel (D:6)
  A komodo dragon (D:8)
  Grinder (D:6)
  3 hippogriffs
  A hungry ghost (D:8)
  2 orc warriors (D:6)
  2 sky beasts
  5 ice beasts
  A phantom (D:7)
  8 ogres
  A slave (D:6)
  2 centaurs (D:8)
  2 big kobolds
  4 bullfrogs
  2 scorpions
  17 killer bees
  3 crimson imps
  4 jellies
  5 orc priests
  3 bullfrog skeletons
  A hound (D:9)
  4 orc wizards
  A centaur skeleton (D:5)
  3 iguanas
  4 worker ants
  5 hound skeletons
  Robin (D:3)
  3 worker ant zombies (D:3)
  A howler monkey skeleton (D:4)
  3 gnolls (D:5)
  6 adders
  7 shadow imps
  7 adder skeletons
  2 worms
  3 dart slugs
  4 leopard geckos
  30 orcs
  2 ball pythons
  4 giant cockroaches
  15 goblins
  3 hobgoblins
  9 jackals
  16 kobolds
  6 quokkas
  4 bats
  3 frilled lizards
  A leopard gecko skeleton (D:7)
  7 rats
  A plant (D:2)
225 creatures vanquished.

Vanquished Creatures (others)
  A slave (D:6)
  4 plants (D:8)
5 creatures vanquished.

Grand Total: 230 creatures vanquished

Notes
Turn   | Place    | Note
-------+----------+-------------------------------------------
     0 | D:1      | 2bobheroes the Minotaur Assassin began the quest for the
                  | Orb.
     0 | D:1      | Reached XP level 1. HP: 18/18 MP: 0/0
     0 | D:1      | Found a basalt altar of Yredelemnul.
   143 | D:1      | Reached XP level 2. HP: 21/25 MP: 1/1
   211 | D:1      | Reached skill level 3 in Fighting
   944 | D:2      | Reached XP level 3. HP: 31/31 MP: 2/2
  2072 | D:3      | Reached XP level 4. HP: 29/40 MP: 3/3
  2250 | D:3      | Reached skill level 4 in Fighting
  2651 | D:3      | Found a shattered altar of Ashenzari.
  2695 | D:3      | Identified the +1 helmet of Poeheuhie {rN+ Regen+ Int+2}
  2695 | D:3      | Noticed Robin
  2698 | D:3      | Reached XP level 5. HP: 38/47 MP: 4/4
  2704 | D:3      | Killed Robin
  3245 | D:4      | Noticed an ogre
  3264 | D:4      | Killed an ogre
  3264 | D:4      | Reached skill level 5 in Fighting
  3264 | D:4      | Reached XP level 6. HP: 39/56 MP: 5/5
  3559 | D:4      | Found a sacrificial altar of Ru.
  3583 | D:4      | Became a worshipper of Ru the Awakened
  3865 | D:4      | Reached skill level 6 in Fighting
  4232 | D:5      | Entered Level 5 of the Dungeon
  4258 | D:5      | Found a shimmering altar of Xom.
  4288 | D:5      | Reached XP level 7. HP: 46/63 MP: 6/6
  4534 | D:5      | Found a staircase to the Ecumenical Temple.
  4626 | D:5      | Reached skill level 1 in Long Blades
  4626 | D:5      | Reached skill level 1 in Shields
  4651 | D:5      | Found a transporter.
  4774 | D:5      | Found a transporter.
  5315 | D:5      | Found a bloodstained altar of Trog.
  5803 | D:6      | Reached skill level 5 in Stealth
  5803 | D:6      | Reached XP level 8. HP: 24/71 MP: 7/7
  6130 | D:5      | Fell from the grace of Ru
  6130 | D:5      | Became a worshipper of Trog the Wrathful
  6265 | D:6      | Noticed Grinder
  6272 | D:6      | Paralysed by Grinder for 7 turns
  6293 | D:6      | Killed Grinder
  6669 | D:6      | Found a hide-covered altar of Uskayaw.
  6902 | D:6      | Reached skill level 7 in Fighting
  6943 | D:6      | Noticed Pikel
  6960 | D:6      | Killed Pikel
  6960 | D:6      | Reached skill level 5 in Throwing
  6960 | D:6      | Reached skill level 5 in Dodging
  7601 | D:6      | Reached XP level 9. HP: 25/79 MP: 8/8
  8299 | D:7      | Reached * piety under Trog
  8490 | D:7      | Reached skill level 5 in Long Blades
  8491 | D:7      | Reached skill level 5 in Shields
  8610 | D:7      | Reached skill level 8 in Fighting
  9000 | D:7      | Found a stormy altar of Qazlal.
  9475 | D:8      | Noticed a two-headed ogre
  9486 | D:7      | Killed a two-headed ogre
  9486 | D:7      | Reached XP level 10. HP: 66/90 MP: 9/9
  9606 | D:7      | Reached ** piety under Trog
  9672 | D:8      | Found a staircase to the Lair.
 10925 | D:8      | Reached skill level 9 in Fighting
 11438 | D:9      | Found Ygavax's Book Emporium.
 11711 | D:9      | Reached *** piety under Trog
 12331 | D:10     | Entered Level 10 of the Dungeon
 12543 | D:10     | Noticed a brown ugly thing
 12630 | D:9      | HP: 3/91 [yak (14)]
 12630 | D:9      | Slain by a brown ugly thing

Levels and vault maps discovered:
D:1:      sevenhm_arrival_forest_fort_small_6, layout_basic
D:2:      layout_loops_ring, serial_forest, infiniplex_forest_lined_room_3,
          infiniplex_forest_pool, infiniplex_forest_straight_3,
          infiniplex_forest_lined_3, infiniplex_forest_clump_long,
          infiniplex_forest_pool, infiniplex_forest_lined_room_2,
          infiniplex_forest_lined_2
D:3:      layout_basic, serial_undead, serial_undead_e, serial_undead_c,
          serial_undead_b, serial_undead_a, serial_undead_e, serial_undead_a,
          serial_undead_e, evilmike_ruin_ashenzari, uniq_robin
D:4:      layout_cave_pools, nicolae_ru_path_of_blood
D:5:      gammafunk_wand_slinger, layout_basic, lemuel_crystal_altar,
          kennysheep_little_box, minmay_temple_entry_trees, first_ration
D:6:      layout_gridville, eat_drink_and_be_merry_uskayaw, uniq_pikel,
          uniq_grinder
D:7:      layout_cave_pools, lemuel_crystal_altar, grunt_ogre_cave
D:8:      layout_basic, david_lair_shrubbed
D:9:      layout_rooms, serial_shops, shop_statue, serial_rivers,
          chequers_serial_rivers_micro_e, chequers_serial_rivers_room_a,
          chequers_serial_rivers_marsh, chequers_serial_rivers_micro_b
D:10:     layout_long_grid, david_orc_3

Skill      XL: |  1  2  3  4  5  6  7  8  9 10 |
---------------+-------------------------------+-----
Fighting       | 3 4 5 6 7 8 9 |  9.3
Dodging        | 2 3 4 5 6 7 |  7.5
Stealth        | 4 5 6 7 |  7.1
Throwing       | 3 4 5 6 7 |  7.0
Long Blades    | 2 4 5 7 |  7.1
Shields        | 2 4 5 7 |  7.0
Short Blades   | |  2.1

Action                   |  1- 3 |  4- 6 |  7- 9 | 10-12 || total
-------------------------+-------+-------+-------+-------++-------
Melee: Dagger            |   123 |   127 |   105 |       ||   355
       Headbutt          |    23 |    18 |    68 |    60 ||   169
       Falchion          |       |       |   197 |   272 ||   469
Throw: Stone             |       |     4 |       |       ||     4
       Dart              |       |     4 |    18 |    19 ||    41
Evoke: Wand              |       |       |    29 |     6 ||    35
  Use: Scroll            |       |       |     6 |     4 ||    10
       Potion            |       |       |     4 |       ||     4
 Stab: Sleeping          |     9 |     4 |    11 |     2 ||    26
       Distracted        |     1 |       |       |       ||     1
       Invisible         |       |       |     1 |       ||     1
  Eat: Chunk             |     4 |     6 |     8 |    10 ||    28
       Ration            |       |       |     3 |       ||     3
Armor: Robe              |    20 |    20 |       |       ||    40
       Leather armour    |       |       |    48 |    45 ||    93
Dodge: Dodged            |    45 |    55 |   195 |   140 ||   435
Block: Shield            |       |     1 |     6 |    88 ||    95
       Buckler           |       |       |    64 |    30 ||    94
       Rpst.: Falchion   |       |       |    34 |    39 ||    73
